 Dungeon Crawl Stone Soup version 0.30.0-29-ga12c61a403 (webtiles) character file.

Game seed: 17366662006562289834

8238 cheesebisquit the Grappler (level 11, 0/163 HPs)
             Began as a Troll Warper on June 3, 2023.
             Slain by a gnoll
             ... wielding a +0 club
             ... led by a gnoll sergeant
              (4 damage)
             ... on level 9 of the Dungeon.
             The game lasted 00:35:19 (9508 turns).

cheesebisquit the Grappler (Troll Warper)           Turns: 9508, Time: 00:35:20

Health: 0/163      AC: 10    Str: 20    XL:     11   Next: 7%
Magic:  11/11      EV: 11    Int: 18    God:
Gold:   250        SH:  4    Dex: 19    Spells: 12/12 levels left

rFire   . .          .
                       - Unarmed
rCold   . . .        (no shield)
rNeg    . . .        F - +0 steam dragon scales
rPois   .            (helmet restricted)
rElec   .            z - +2 cloak
rCorr   .            (gloves unavailable)
SInv    .            (boots unavailable)
Will    .....        (no amulet) Stlth
                     n - +6 ring of intelligence
HPRegen 1.27/turn    q - +6 ring of dexterity
MPRegen 0.12/turn

%: no passive effects
@: berserking, very quick
A: large, unfitting armour, claws 3, regeneration 1, shaggy fur 1, tough skin 1,
large bone plates 1, agile 1, deterioration 1
a: no special abilities


You were on level 9 of the Dungeon.
You visited 2 branches of the dungeon, and saw 11 of its levels.

You collected 478 gold pieces.
You spent 228 gold pieces at shops.

Inventory:

Hand Weapons
 a - a +2 dagger of venom
Missiles
 c - 3 boomerangs of dispersal
 l - 12 boomerangs
 o - 2 javelins
 r - 8 curare-tipped darts
 A - 23 poisoned darts (quivered)
 I - 3 atropa-tipped darts
Armour
 z - a +2 cloak (worn)
 F - +0 steam dragon scales (worn)
 K - a +0 kite shield
Jewellery
 d - a +6 ring of dexterity
 n - a +6 ring of intelligence (left claw)
 q - a +6 ring of dexterity (right claw)
 G - a ring of positive energy
Wands
 k - a wand of iceblast (14)
 t - a wand of light (2)
 x - a wand of mindburst (5)
Scrolls
 e - 4 scrolls of fog
 f - a scroll of magic mapping
 g - a scroll of acquirement {unknown}
 h - 2 scrolls of poison
 i - 3 scrolls of blinking
 j - 4 scrolls of teleportation
 m - a scroll of immolation
 p - 2 scrolls of vulnerability
 s - a scroll of amnesia
 v - a scroll of butterflies
 y - a scroll of enchant armour {unknown}
 B - a scroll of fear
 C - a scroll of silence {unknown}
 D - 2 scrolls of brand weapon
 L - a scroll of enchant weapon {unknown}
Potions
 b - a potion of brilliance
 u - a potion of attraction
 H - 2 potions of flight
 J - a potion of resistance {unknown}
 M - a potion of magic
 N - a potion of degeneration {unknown}
 O - a potion of ambrosia {unknown}


   Skills:
 + Level 7.2 Fighting
 + Level 7.7 Throwing
 + Level 2.4 Dodging
 + Level 1.0 Stealth
 + Level 1.5 Shields
 * Level 12.1 Unarmed Combat
 - Level 1.2 Spellcasting
 - Level 2.1 Translocations


You had 12 spell levels left.
You didn't know any spells.
Your spell library contained the following spells:

 Spells                   Type           Power      Damage    Failure   Level
 Blink                    Tloc           18%        N/A       12%         2
 Lesser Beckoning         Tloc           18%        N/A       12%         2
 Teleport Other           Tloc           9%         N/A       24%         3
 Sublimation of Blood     Necr           1%         N/A       30%         2
 Wereblood                Tmut           1%         N/A       30%         2
 Portal Projectile        Hex/Tloc       10%        N/A       36%         3
 Vhi's Electric Charge    Tloc/Air       10%        N/A       36%         3
 Call Canine Familiar     Summ           1%         N/A       52%         3
 Inner Flame              Hex/Fire       1%         N/A       52%         3
 Ozocubu's Armour         Ice            1%         N/A       52%         3
 Manifold Assault         Tloc           9%         N/A       61%         4
 Leda's Liquefaction      Hex/Erth       0%         N/A       89%         4
 Yara's Violent Unravell  Hex/Tmut       0%         3d3       99%         5
 Enfeeble                 Hex            0%         N/A       100%        7
 Ozocubu's Refrigeration  Ice            0%         4d7       100%        7
 Summon Hydra             Summ           0%         N/A       100%        7


Dungeon Overview and Level Annotations

Branches:
Dungeon (10/15)            Temple (1/1) D:4             Orc (0/2) D:9
   Lair: D:8-11

Altars:
Ashenzari
Cheibriados
Dithmenos
Elyvilon
Fedhas
Gozag
Hepliaklqana
Kikubaaqudgha
Makhleb
Nemelex Xobeh
Okawaru
Qazlal
Ru
Sif Muna
Trog
Uskayaw
Vehumet
Wu Jian
Xom
Yredelemnul
Zin
The Shining One

Shops:
D:9 *

Annotations:
D:6 2 transporters, knightboat's ghost, novice TrWr
D:10 Erolcha


Innate Abilities, Weirdness & Mutations

You are too large for most types of armour.
You have claws for hands.
Your natural rate of healing is unusually fast.
You are covered in fur. (AC +1)
You have tough skin. (AC +1)
You are partially covered in large bone plates. (SH +4)
You are agile. (Dex +4, Str/Int -1)
Your body sometimes deteriorates upon taking damage.


Message History

You feel yourself wasting away.
Large bone plates grow over parts of your arms.
You feel agile.
You feel less confused. The vampire mosquito bites you.
* * * LOW HITPOINT WARNING * * *
The vampire mosquito draws strength from your injuries!
The vampire mosquito misses you. The gnoll closely misses you.
The gnoll barely misses you. The gnoll closely misses you.
You block the gnoll's attack.
You block the vampire mosquito's attack.
The vampire mosquito bites you but does no damage.
It was a potion of berserk rage.
A red film seems to cover your vision as you go berserk!
You feel yourself moving faster!
You feel mighty! The vampire mosquito barely misses you.
The vampire mosquito bites you but does no damage.
You block the gnoll's attack. The gnoll barely misses you.
The gnoll hits you with a +0 club.
* * * LOW HITPOINT WARNING * * *
The gnoll hits you but does no damage.
The vampire mosquito bites you but does no damage.
The vampire mosquito bites you.
* * * LOW HITPOINT WARNING * * *
The vampire mosquito draws strength from your injuries!
You claw the gnoll!
You kill the gnoll!
The gnoll barely misses you. The vampire mosquito bites you.
* * * LOW HITPOINT WARNING * * *
The vampire mosquito draws strength from your injuries!
The gnoll barely misses you. The gnoll hits you but does no damage.
The vampire mosquito barely misses you.
You barely miss the gnoll.
The gnoll is severely wounded.
The vampire mosquito bites you but does no damage.
The vampire mosquito barely misses you.
You claw the gnoll!
You kill the gnoll!
The gnoll completely misses you. The gnoll hits you with a +0 club.
You die...

########### #.........#
#.........# #####
#......ygy#####...#
#.......@g........#######
#.......))...............
######...#####....#######
#.#.#####....#####
#................#
#.~≈~~≈~~......^.#
##.~####≈~.....♣..#
#..~#>.#≈≈.....♣..##
#..~#.†)≈~....♣♣...#


You could see 2 vampire mosquitoes and 2 gnolls.

Vanquished Creatures
  A two-headed ogre (D:8)
  An unseen horror zombie (D:8)
  A kobold demonologist (D:9)
  A hornet (D:8)
  2 wyverns
  12 yaks
  2 steam dragons
  A vampire mosquito (D:6)
  Edmund (D:4)
  An acid dragon (D:9)
  A water moccasin (D:8)
  A black bear (D:4)
  3 ice beasts
  3 orc warriors
  2 ogres
  4 centaurs
  2 phantoms
  A kobold brigand (D:9)
  A gnoll sergeant (D:8)
  2 bullfrogs
  2 scorpions
  13 wights
  5 killer bees (D:9)
  4 howler monkeys (D:7)
  An electric eel (D:9)
  3 gnoll boudas
  4 orc priests
  3 sleepcaps
  5 hounds
  16 orc wizards
  Terence (D:1)
  4 iguanas
  2 killer bee zombies (D:8)
  2 howler monkey zombies (D:8)
  21 gnolls
  8 adders
  A shadow imp (D:5)
  2 white imps
  An ufetubus (D:6)
  2 worms (D:2)
  12 dart slugs
  29 orcs
  10 ball pythons
  8 endoplasms
  8 giant cockroaches
  14 goblins
  7 hobgoblins
  A jackal (D:2)
  5 quokkas
  3 bats
  4 frilled lizards
  13 kobolds
  9 rats
266 creatures vanquished.

Vanquished Creatures (others)
  A killer bee zombie (D:8)
1 creature vanquished.

Grand Total: 267 creatures vanquished

Notes
Turn   | Place    | Note
-------+----------+-------------------------------------------
     0 | D:1      | cheesebisquit the Troll Warper began the quest for the Orb.
     0 | D:1      | Reached XP level 1. HP: 19/19 MP: 1/1
    75 | D:1      | Reached skill level 1 in Throwing
   282 | D:1      | Reached XP level 2. HP: 28/28 MP: 2/2
   740 | D:2      | Reached XP level 3. HP: 18/35 MP: 3/3
   884 | D:2      | Noticed Terence
   927 | D:1      | Killed Terence
   928 | D:1      | Reached skill level 3 in Unarmed Combat
   934 | D:1      | Reached XP level 4. HP: 22/42 MP: 4/4
  2113 | D:3      | Reached skill level 4 in Unarmed Combat
  2113 | D:3      | Reached XP level 5. HP: 50/50 MP: 5/5
  2372 | D:3      | Found a faded altar of an unknown god.
  2522 | D:4      | Found a staircase to the Ecumenical Temple.
  2581 | Temple   | Entered the Ecumenical Temple
  2739 | D:4      | Noticed Edmund
  2751 | D:4      | Reached XP level 6. HP: 49/59 MP: 6/6
  2774 | D:4      | Killed Edmund
  2775 | D:4      | Reached skill level 5 in Unarmed Combat
  3019 | D:4      | Reached XP level 7. HP: 67/67 MP: 7/7
  3228 | D:5      | Entered Level 5 of the Dungeon
  3482 | D:4      | Found a staircase to the Ecumenical Temple.
  4091 | D:5      | Reached skill level 6 in Unarmed Combat
  4189 | D:5      | Found an iron altar of Okawaru.
  4192 | D:5      | Found a radiant altar of Vehumet.
  4192 | D:5      | Found an ornate altar of the Wu Jian Council.
  4194 | D:5      | Found a shimmering altar of Xom.
  4194 | D:5      | Found a hazy altar of Hepliaklqana.
  4194 | D:5      | Found a stormy altar of Qazlal.
  4335 | D:5      | Found an ornate altar of the Wu Jian Council.
  4897 | D:6      | Noticed a steam dragon
  4918 | D:6      | Reached XP level 8. HP: 68/78 MP: 8/8
  5077 | D:6      | Reached skill level 7 in Unarmed Combat
  5243 | D:6      | Found a shimmering blue altar of Sif Muna.
  5312 | D:6      | Reached skill level 5 in Throwing
  5312 | D:6      | Reached skill level 8 in Unarmed Combat
  5396 | D:5      | Reached skill level 5 in Fighting
  5709 | D:6      | Found a transporter.
  5712 | D:6      | Found a transporter.
  5712 | D:6      | Noticed knightboat's ghost (novice TrWr)
  5742 | D:6      | Found a hide-covered altar of Uskayaw.
  5748 | D:6      | Found a glowing silver altar of Zin.
  6230 | D:7      | Reached XP level 9. HP: 72/88 MP: 9/9
  6306 | D:7      | Reached skill level 9 in Unarmed Combat
  7156 | D:8      | Paralysed by a hornet for 1 turns
  7224 | D:8      | Reached skill level 10 in Unarmed Combat
  7366 | D:8      | Reached XP level 10. HP: 80/98 MP: 10/10
  7582 | D:8      | Noticed a two-headed ogre
  7595 | D:8      | Killed a two-headed ogre
  7601 | D:8      | Reached skill level 11 in Unarmed Combat
  8534 | D:9      | Found Koirujug's Assorted Antiques.
  8544 | D:9      | Bought a scroll of blinking for 180 gold pieces
  8544 | D:9      | Bought a scroll of identify for 48 gold pieces
  8701 | D:9      | Reached skill level 1 in Shields
  8911 | D:9      | Found an opulent altar of Gozag.
  8914 | D:9      | Found an ancient bone altar of Kikubaaqudgha.
  8921 | D:9      | Reached skill level 12 in Unarmed Combat
  8991 | D:9      | Reached XP level 11. HP: 109/109 MP: 11/11
  9068 | D:9      | Reached skill level 1 in Stealth
  9171 | D:9      | Found a staircase to the Orcish Mines.
  9492 | D:10     | Entered Level 10 of the Dungeon
  9492 | D:10     | Noticed Erolcha
  9504 | D:9      | Gained mutation: Your body sometimes deteriorates upon
                  | taking damage. [potion of mutation]
  9504 | D:9      | Gained mutation: You are partially covered in large bone
                  | plates. (SH +4) [potion of mutation]
  9504 | D:9      | Gained mutation: You are agile. (Dex +4, Str/Int -1)
                  | [potion of mutation]
  9505 | D:9      | HP: 8/163 [gnoll/+0 club[a gnoll sergeant] (5)]
  9506 | D:9      | HP: 3/163 [vampire mosquito (2)]
  9508 | D:9      | Slain by a gnoll

Illustrated notes

Levels and vault maps discovered:
D:1:      dpeg_arrival_connections, layout_loops_ring, kennysheep_doodads
D:2:      layout_loops_ring, serial_bayou_pond_a, nrook_loot_triangle,
          minmay_divided_ellipse, uniq_terence
D:3:      layout_loops_ring, shapermc_ecumenical_altar_mp_vishouse
D:4:      layout_loops_cross, minmay_temple_entry_junction, dk_noncrumbling_3,
          uniq_edmund
D:5:      kennysheep_slugbush, layout_cave_pools, mainiacjoe_overflow_alcove_1,
          doesnt_xom_only_xom, kennysheep_path_1, grunt_ministairs_2
D:6:      layout_layer_cave, mainiacjoe_overflow_surrounded_room,
          mainiacjoe_overflow_large_starburst, gammafunk_ghost_arena,
          nicolae_hexahallways, minmay_pentangle
D:7:      layout_basic
D:8:      layout_loops_corners, serial_undead, serial_undead_d, serial_undead_c,
          serial_undead_f, serial_undead_c, serial_undead_a,
          hangedman_decor_lopped, kennysheep_small_spiral, lemuel_flamethrower_2
D:9:      layout_basic, nicolae_overflow_squiral, orc_0_dummy, serial_shops,
          shop, enter_bailey_4, hex_intersection, chequers_serial_rivers_marsh,
          hangedman_decor_growths
D:10:     layout_layer_cave, due_lair_maze_entry_diamond, uniq_gastronok,
          uniq_psyche, uniq_sonja, uniq_erolcha
Temple:   hellmonk_temple_two_chambers

Skill      XL: |  1  2  3  4  5  6  7  8  9 10 11 |
---------------+----------------------------------+-----
Throwing       | 1 2 3 4 5 6 7 |  7.7
Fighting       | 2 3 4 5 6 7 |  7.2
Unarmed Combat | 3 4 5 6 8 10 12 | 12.1
Dodging        | 2 |  2.4
Shields        | 1 |  1.5
Stealth        | 1 |  1.0
Spellcasting   | |  1.2
Translocations | |  2.1

Action                     |  1- 3 |  4- 6 |  7- 9 | 10-12 || total
---------------------------+-------+-------+-------+-------++-------
  Melee: Unarmed           |    83 |   207 |   277 |   174 ||   741
         Punch             |     1 |     6 |    16 |    12 ||    35
  Throw: Dart              |       |       |     9 |    20 ||    29
         Boomerang         |       |       |    40 |    13 ||    53
    Use: Scroll            |     1 |     4 |     7 |     5 ||    17
         Potion            |       |     2 |     4 |     5 ||    11
   Stab: Sleeping          |     1 |     5 |     1 |       ||     7
         Distracted        |       |     1 |     1 |       ||     2
 Armour: Robe              |    23 |    58 |    83 |       ||   164
         Steam dragon scal |       |       |    43 |   113 ||   156
  Dodge: Dodged            |    36 |    88 |   164 |   119 ||   407
  Block: Other             |       |       |       |     3 ||     3
